 Dungeon Crawl Stone Soup version 0.31-a0-986-g5e6e4ef867 (webtiles) character file.

Game seed: 8612139903957794964

23579 mandarbmax the Summoner (level 12, -5/54 HPs)
             Began as a Felid Summoner on Nov 10, 2023.
             Was a Believer of Ru.
             Shot with an arrow by a centaur warrior (17 damage)
             ... on level 14 of the Dungeon.
             The game lasted 00:56:53 (13677 turns).

mandarbmax the Summoner (Felid Summoner)           Turns: 13677, Time: 00:56:54

Health: -5/54      AC:  3    Str:  4    XL:     12   Next: 73%
Magic:  22/26      EV: 27    Int: 20    God:    Ru [**....]
Gold:   398        SH:  0    Dex: 18    Spells: 17/30 levels left
                                        Lives:  0   Deaths: 3

rFire   . . .        (weapon unavailable)
rCold   + . .        (shield unavailable)
rNeg    . . .        (body armour unavailable)
rPois   .            (helmet unavailable)
rElec   .            (cloak unavailable)
rCorr   .            (gloves unavailable)
SInv    +            (boots unavailable)
Will    ++...        j - amulet of magic regeneration
Stlth   ++           a - ring of willpower
HPRegen 0.29/turn    q - ring of flight
MPRegen 0.60/turn

%: no passive effects
@: flying, quick
A: very small, claws 1, fangs 3, see invisible, speed 1, shaggy fur 3, inability
to use devices, stealthy paws, no weapons or thrown items, no armour,
multi-lived, no forms
a: Renounce Religion


You were on level 14 of the Dungeon.
You worshipped Ru.
Ru was pleased with you.
You visited 2 branches of the dungeon, and saw 15 of its levels.

You collected 691 gold pieces.
You spent 293 gold pieces at shops.

Inventory:

Jewellery
 a - a ring of willpower (left paw)
 j - an amulet of magic regeneration (around neck)
 q - a ring of flight (right paw)
 u - a ring of ice
Scrolls
 c - 7 scrolls of teleportation
 e - a scroll of noise
 f - a scroll of summoning
 m - a scroll of silence
 n - 2 scrolls of immolation
 o - a scroll of blinking
 p - a scroll of brand weapon {unknown}
 t - 2 scrolls of revelation {unknown}
 w - a scroll of fog {unknown}
 y - a scroll of torment {unknown}
 z - a scroll of vulnerability
Potions
 b - 3 potions of resistance
 d - 2 potions of ambrosia
 g - 2 potions of attraction
 h - 3 potions of heal wounds
 i - 2 potions of mutation
 k - 2 potions of might
 l - 2 potions of curing
 r - a potion of brilliance


   Skills:
 + Level 7.1 Fighting
 + Level 13.1 Dodging
 - Level 3.0 Stealth
 + Level 9.5 Spellcasting
 + Level 13.9 Summonings
 - Level 6.0 Air Magic


You had 17 spell levels left.
You knew the following spells:

 Your Spells              Type           Power      Damage    Failure   Level
a - Summon Small Mammal   Summ           100%       N/A       1%          1
b - Call Imp              Summ           100%       N/A       1%          2
c - Call Canine Familiar  Summ           60%        N/A       1%          3
d - Summon Guardian Gole  Hex/Summ       37%        N/A       1%          3
e - Summon Lightning Spi  Summ/Air       49%        N/A       1%          4

Your spell library contained the following spells:

 Spells                   Type           Power      Damage    Failure   Level
 Swiftness                Air            33%        N/A       1%          3
 Cigotuvi's Dreadful Rot  Necr/Pois/Air  34%        N/A       4%          2
 Magic Dart               Conj           36%        1d4       8%          1
 Mephitic Cloud           Conj/Pois/Air  17%        N/A       10%         3
 Blink                    Tloc           18%        N/A       11%         2
 Ensorcelled Hibernation  Hex/Ice        18%        N/A       11%         2
 Lesser Beckoning         Tloc           18%        N/A       11%         2
 Momentum Strike          Conj/Tloc      18%        3d8       11%         2
 Passwall                 Tmut/Erth      7%         N/A       11%         2
 Gell's Gravitas          Tloc           9%         N/A       22%         3
 Ignite Poison            Fire/Tmut/Pois 9%         N/A       22%         3
 Ozocubu's Armour         Ice            9%         N/A       22%         3
 Teleport Other           Tloc           9%         N/A       22%         3
 Dispel Undead            Necr           9%         3d8       58%         4
 Olgreb's Toxic Radiance  Pois           9%         N/A       58%         4
 Sticky Flame             Conj/Fire      9%         2d3       58%         4
 Metabolic Englaciation   Hex/Ice        4%         N/A       90%         5
 Death Channel            Necr           4%         N/A       100%        6
 Simulacrum               Ice/Necr       4%         N/A       100%        6
 Discord                  Hex            4%         N/A       100%        8
 Ignition                 Fire           4%         3d4       100%        8


Dungeon Overview and Level Annotations

Branches:
Dungeon (14/15)            Temple (1/1) D:6            Lair (0/5) D:9
    Orc (0/2) D:12         Vaults (0/5) D:14

Altars:
Ashenzari
Cheibriados
Dithmenos
Elyvilon
Fedhas
Gozag
Hepliaklqana
Kikubaaqudgha
Makhleb
Nemelex Xobeh
Okawaru
Qazlal
Ru
Sif Muna
Trog
Uskayaw
Vehumet
Wu Jian
Xom
Yredelemnul
Zin
The Shining One

Shops:
D:3 *   D:6 *   D:9 =

Annotations:
D:6 1 runed translucent door, Crazy Yiuf
D:12 exclusions: obsidian statue and orange crystal statue
D:14 Urug


Innate Abilities, Weirdness & Mutations

You have sharp claws.
You have razor-sharp teeth.
You have supernaturally acute eyesight. (SInv)
You cover ground quickly. (Speed+)
Your thick and shaggy fur keeps you warm. (AC +3, rC+)
You cannot study or use magical devices.
Your paws help you pounce on unaware monsters.
You are incapable of wielding weapons or throwing items.
You cannot wear armour.
You gain extra lives every three experience levels.
You cannot voluntarily change form.


Message History

Urug stares with her one eyeball.
Unknown command.
Unknown command.
Casting: Summon Lightning Spire (dangerous; 1% risk of failure)
Confirm with . or Enter, or press ? or * to list all spells.
An electric hum fills the air.
The human shouts!
The centaur warrior shoots an arrow.
The arrow completely misses you.
The arrow hits the human!!
The centaur warrior shoots an arrow.
The arrow completely misses you.
The arrow hits the human!
The human is poisoned.
The human hits your lightning spire!
Casting: Summon Lightning Spire (dangerous; 1% risk of failure)
Confirm with . or Enter, or press ? or * to list all spells.
A tiny devil pulls itself out of the air.
The centaur warrior shoots an arrow.
The arrow hits you!
Urug is engulfed in poison gas.
Urug is poisoned.
Urug throws a silver javelin.
The silver javelin completely misses you.
The silver javelin closely misses the two-headed ogre.
The silver javelin barely misses the human.
The centaur warrior shoots an arrow.
The arrow barely misses you. The arrow hits your cerulean imp!!
Your cerulean imp dies!
Your cerulean imp disappears in a puff of smoke!
The centaur warrior is engulfed in poison gas.
The centaur warrior is poisoned.
The centaur warrior shoots an arrow.
The arrow hits you!
* * * LOW HITPOINT WARNING * * *
The two-headed ogre is engulfed in poison gas.
The two-headed ogre is poisoned.
The human is engulfed in poison gas.
The human looks even sicker.
The human hits you but does no damage. The human hits your lightning spire.
You feel much better.
Urug is engulfed in poison gas.
Urug looks even sicker.
Urug throws a silver javelin.
The silver javelin pierces through you!
* * * LOW HITPOINT WARNING * * *
x2 The silver javelin barely misses the two-headed ogre.
The silver javelin pierces through the human.
The centaur warrior is engulfed in poison gas.
The centaur warrior looks even sicker.
The centaur warrior shoots an arrow.
The arrow hits you!
You die...

§§§§§§#####§#
§§§§§§§§§§§§#
#§§§§§§§§§§#
#§§§.pp.§§§#
#§§p§§§§.§§#
#§p§8§O§§p§#
#§c§§§§p§p§#
#§p§§§@§cp§#
#§.§§§§§§p§#
#§§p§§o§p§§#
#§§§pppp§§§#
§§§§§§§§§§§§#
#§§§§§§§§§§§§§
#§§§§§§§§§§###§
##########§§


You could see Urug (very poisoned), 2 centaur warriors, a two-headed ogre
(poisoned), 16 humans and a friendly lightning spire (summoned).

Vanquished Creatures
  A dart slug (D:1)
  An endoplasm (D:2)
  2 hobgoblins (D:1)
  2 kobolds (D:1)
  2 quokkas (D:1)
  A bat (D:1)
  3 rats (D:1)
12 creatures vanquished.

Vanquished Creatures (collateral kills)
  A boulder beetle (D:12)
  A centaur warrior (D:13)
  4 two-headed ogres
  An orb spider (shapeshifter) (D:13)
  4 cyclopes
  A deep elf pyromancer (D:12)
  An ugly thing (D:11)
  4 centaur zombies (D:11)
  Maggie (D:10)
  A gargoyle (D:13)
  An unseen horror (D:10)
  2 komodo dragons
  3 trolls
  2 centaur simulacra (D:13)
  A shadow (D:13)
  2 wraiths (D:13)
  8 yaks
  2 wyverns
  2 basilisks
  Menkaure (D:6)
  3 acid dragons
  Duvessa (D:4)
  A water moccasin (D:7)
  3 orc warriors
  7 ice beasts
  4 black bears
  3 ogres
  10 centaurs
  3 phantoms
  4 bullfrogs
  Blork the orc (D:6)
  2 kobold brigands
  A gnoll sergeant (D:9)
  3 scorpions
  11 wights (D:9)
  Dowan (D:4)
  8 killer bees
  An electric eel (D:13)
  3 howler monkeys
  A hound (D:6)
  4 orc priests
  2 jellies
  A sleepcap (D:7)
  Jessica (D:2)
  An iguana (D:2)
  8 orc wizards
  12 gnolls
  3 adders
  7 white imps
  4 ufetubi
  2 worms
  2 dart slugs (D:2)
  38 orcs
  6 endoplasms
  2 giant cockroaches
  6 goblins
  6 hobgoblins
  4 jackals (D:2)
  2 quokkas
  6 ball pythons
  3 bats
  11 kobolds
  4 rats (D:1)
249 creatures vanquished.

Vanquished Creatures (others)
  A boulder beetle (D:12)
  A two-headed ogre (D:8)
  A centaur warrior (D:13)
  7 centaur zombies (D:11)
  2 ugly things
  A polar bear (D:13)
  A meliai zombie (D:11)
  A wraith (D:12)
  A steam dragon (D:8)
  Edmund (D:6)
  2 wights (D:9)
  A killer bee (D:7)
  2 orc wizards
  A shadow imp (D:7)
  A white imp (D:8)
  4 orcs
  A kobold (D:10)
29 creatures vanquished.

Grand Total: 290 creatures vanquished

Notes
Turn   | Place    | Note
-------+----------+-------------------------------------------
     0 | D:1      | mandarbmax the Felid Summoner began the quest for the Orb.
     0 | D:1      | Reached XP level 1. HP: 7/7 MP: 4/4
    28 | D:1      | Slain by a hobgoblin
   338 | D:1      | Reached XP level 2. HP: 11/11 MP: 1/6
   341 | D:1      | Learned a level 2 spell: Call Imp
  1133 | D:1      | Reached XP level 3. HP: 14/14 MP: 2/7
  1205 | D:2      | Learned a level 3 spell: Call Canine Familiar
  1748 | D:2      | Noticed Jessica
  1763 | D:2      | Killed Jessica
  1836 | D:2      | Reached XP level 4. HP: 17/18 MP: 3/9
  1901 | D:2      | Reached skill level 5 in Summonings
  2727 | D:3      | Reached XP level 5. HP: 7/21 MP: 2/10
  3120 | D:3      | Found Ceggih's Assorted Antiques.
  3123 | D:3      | Bought a scroll labelled FUMEOSUQEV for 33 gold pieces
  3123 | D:3      | Bought a scroll labelled UXZUDDEYCK for 33 gold pieces
  3123 | D:3      | Bought a puce potion for 29 gold pieces
  3662 | D:4      | Noticed a phantom
  3691 | D:4      | Killed a phantom
  3861 | D:4      | Gained mutation: You are covered in thick fur. (AC +2)
                  | [Felid growth]
  3861 | D:4      | Reached XP level 6. HP: 24/24 MP: 4/12
  3954 | D:4      | Noticed an orc warrior
  4174 | D:4      | Killed an orc warrior
  4395 | D:4      | Reached skill level 5 in Dodging
  4469 | D:4      | Reached XP level 7. HP: 27/27 MP: 6/13
  4684 | D:4      | Noticed Duvessa
  4684 | D:4      | Noticed Dowan
  4749 | D:4      | Killed Duvessa
  4769 | D:4      | Killed Dowan
  5033 | D:5      | Entered Level 5 of the Dungeon
  5592 | D:6      | Reached XP level 8. HP: 31/31 MP: 8/16
  5601 | D:6      | Learned a level 3 spell: Summon Guardian Golem
  5670 | D:6      | Found a staircase to the Ecumenical Temple.
  5678 | Temple   | Entered the Ecumenical Temple
  5691 | Temple   | Became a worshipper of Ru the Awakened
  5739 | D:6      | Found Yrorul's Assorted Antiques.
  5742 | D:6      | Bought a scroll labelled DUAVIE DUWEX for 33 gold pieces
  5742 | D:6      | Bought a dented filigree amulet for 165 gold pieces
  5762 | D:6      | Noticed Blork the orc
  5779 | D:6      | Killed Blork the orc
  5852 | D:6      | Reached skill level 5 in Spellcasting
  5930 | D:6      | Noticed Edmund
  5944 | D:6      | Killed Edmund
  6061 | D:6      | Learned a level 4 spell: Summon Lightning Spire
  6110 | D:6      | Noticed Menkaure
  6115 | D:6      | Killed Menkaure
  6116 | D:6      | Reached skill level 1 in Air Magic
  6132 | D:6      | Reached XP level 9. HP: 16/34 MP: 14/18
  6352 | D:6      | Found a runed translucent door.
  6353 | D:6      | Noticed Crazy Yiuf
  6464 | D:6      | Identified the +4 dagger "Tyinuadisch" {holy, Dex+2}
  6492 | D:6      | Found a blossoming altar of Fedhas.
  6918 | D:7      | Found a shimmering blue altar of Sif Muna.
  7272 | D:7      | Reached skill level 10 in Summonings
  7537 | D:8      | Noticed a two-headed ogre
  7543 | D:8      | Killed a two-headed ogre
  7804 | D:8      | Reached XP level 10. HP: 37/37 MP: 19/21
  7828 | D:8      | Noticed a two-headed ogre
  7841 | D:8      | Killed a two-headed ogre
  7941 | D:8      | Gained mutation: You cannot voluntarily change form. [Ru
                  | sacrifice]
  8161 | D:9      | Found a snail-covered altar of Cheibriados.
  8212 | D:9      | Reached skill level 1 in Fighting
  8415 | D:9      | Found Cyroy's Jewellery Shoppe.
  8629 | D:9      | Reached skill level 10 in Dodging
  8889 | D:9      | Found a staircase to the Lair.
  9128 | D:10     | Entered Level 10 of the Dungeon
  9134 | D:10     | Found a broken altar of Ashenzari.
  9163 | D:10     | Found a basalt altar of Yredelemnul.
  9178 | D:10     | Noticed a two-headed ogre
  9189 | D:10     | Killed a two-headed ogre
  9206 | D:10     | Reached XP level 11. HP: 45/45 MP: 11/23
  9249 | D:10     | Noticed Maggie
  9256 | D:10     | Killed Maggie
  9323 | D:10     | Reached skill level 5 in Air Magic
  9548 | D:10     | Found a glowing silver altar of Zin.
  9714 | D:11     | Found a basalt altar of Yredelemnul.
 10604 | D:11     | Noticed a cyan ugly thing
 10620 | D:11     | Killed a cyan ugly thing
 10711 | D:11     | Noticed a two-headed ogre
 10722 | D:11     | Killed a two-headed ogre
 10723 | D:11     | Reached skill level 5 in Fighting
 11276 | D:12     | Noticed a boulder beetle
 11296 | D:12     | Noticed a two-headed ogre
 11314 | D:12     | Killed a boulder beetle
 11315 | D:12     | Killed a two-headed ogre
 11316 | D:12     | Gained mutation: Your thick and shaggy fur keeps you warm.
                  | (AC +3, rC+) [Felid growth]
 11316 | D:12     | Reached XP level 12. HP: 51/51 MP: 14/25
 11322 | D:12     | Noticed a boulder beetle
 11340 | D:12     | Killed a boulder beetle
 11763 | D:12     | Gained mutation: You cannot study or use magical devices.
                  | [Ru sacrifice]
 11763 | D:12     | Reached * piety under Ru
 11763 | D:12     | Reached ** piety under Ru
 11956 | D:12     | Found a staircase to the Orcish Mines.
 12042 | D:12     | Noticed a two-headed ogre
 12047 | D:12     | Noticed a centaur warrior
 12056 | D:12     | Hit by a large rock thrown by a cyclops
 12674 | D:13     | Noticed an entropy weaver
 12731 | D:13     | Noticed a centaur warrior
 12741 | D:13     | Shot with an arrow by a centaur warrior
 12742 | D:13     | Killed a centaur warrior
 13341 | D:13     | Noticed a centaur warrior
 13347 | D:13     | Killed a centaur warrior
 13673 | D:14     | Noticed a two-headed ogre
 13673 | D:14     | Noticed a centaur warrior
 13673 | D:14     | Noticed a centaur warrior
 13673 | D:14     | Noticed Urug
 13673 | D:14     | Found a gate to the Vaults.
 13677 | D:14     | Shot with an arrow by a centaur warrior

Illustrated notes

Levels and vault maps discovered:
D:1:      tarquinn_simple_flora_water_a, layout_basic, corexii_leaking_fountain
D:2:      layout_loops_corners, uniq_jessica
D:3:      layout_basic, serial_shops, nicolae_shop_behind_doors,
          grunt_decor_fettered
D:4:      layout_rooms, minivault_24, minivault_26, uniq_duvessa
D:5:      layout_basic, minmay_checkerbox
D:6:      layout_rooms, lemuel_coloured_pillars_altar,
          minmay_temple_entry_junction, serial_shops, kennysheep_mini,
          uniq_blork_the_orc, uniq_edmund, uniq_menkaure,
          uniq_crazy_yiuf_cottage
D:7:      layout_basic, mainiacjoe_overflow_six_doors_small
D:8:      layout_rooms
D:9:      layout_roguey, mainiacjoe_overflow_concentric_impassable,
          grunt_lair_entry_orc_guard_hut, serial_shops, shop
D:10:     layout_rooms, zin_statuary,
          chequers_temple_overflow_statue_of_worship, uniq_maggie
D:11:     layout_layer_cave, nicolae_yredelemnul_corpse_copse
D:12:     layout_basic, orc_0_dummy, minmay_more_statues
D:13:     layout_roguey, serial_ice, serial_ice_k, serial_ice_f, serial_ice_m,
          serial_ice_g, serial_ice_n, serial_ice_d
D:14:     layout_cave_pools, david_vaults_3, kiku_gazebo_garden_becter
Temple:   regret_index_temple_sphere_string

Skill      XL: |  1  2  3  4  5  6  7  8  9 10 11 12 |
---------------+-------------------------------------+-----
Stealth        | 3 |  3.0
Dodging        | 3 4 5 6 7 9 10 11 13 | 13.1
Summonings     | 5 6 7 9 10 11 13 | 13.9
Spellcasting   | 3 4 5 6 7 8 9 |  9.5
Air Magic      | 1 3 4 6 |  6.0
Fighting       | 3 5 7 |  7.1

Action                     |  1- 3 |  4- 6 |  7- 9 | 10-12 || total
---------------------------+-------+-------+-------+-------++-------
  Melee: Unarmed           |    60 |    23 |    28 |    11 ||   122
         Bite              |     8 |     4 |     3 |     5 ||    20
         Punch             |     1 |     1 |       |       ||     2
   Cast: Summon Small Mamm |    35 |    38 |    51 |    35 ||   159
         Call Imp          |    15 |    27 |    34 |    63 ||   139
         Call Canine Famil |     6 |    27 |    37 |    66 ||   136
         Summon Guardian G |       |       |    22 |    75 ||    97
         Summon Lightning  |       |       |    19 |    72 ||    91
 Invoke: Sacrifice Forms   |       |       |       |     1 ||     1
         Sacrifice Artific |       |       |       |     1 ||     1
    Use: Scroll            |       |     2 |     5 |     9 ||    16
         Potion            |       |       |     4 |     3 ||     7
   Stab: Distracted        |     2 |       |       |       ||     2
         Sleeping          |     4 |     1 |     2 |     1 ||     8
 Armour: Skin              |    20 |    16 |    22 |    39 ||    97
  Dodge: Dodged            |    53 |    34 |    60 |    82 ||   229

Table legend: (Time is in decaauts)
 A = Elapsed time spent in this place.
 B = Non-inter-level travel time spent in this place.
 C = Inter-level travel time spent in this place.
 D = Time resting spent in this place.
 E = Time spent auto-exploring this place.
 F = Levels seen in this place.
 G = Mean time per level.
                   A        B        C        D        E       F      G
               +--------+--------+--------+--------+--------+-----+--------+
         Total |  12083 |  11677 |    406 |    494 |   8504 |  15 |  805.5 |
       Dungeon |  12061 |  11675 |    386 |    494 |   8504 |  14 |  861.5 |
        Temple |     21 |      1 |     20 |      0 |      0 |   1 |   21.0 |
               +--------+--------+--------+--------+--------+-----+--------+

Top non-repeatable levels by time:
    D:11: 1533 daAuts
     D:4: 1332 daAuts
     D:2: 1278 daAuts
    D:12: 1080 daAuts
     D:1: 1061 daAuts
     D:6: 986 daAuts
    D:13: 908 daAuts
     D:9: 867 daAuts
     D:3: 857 daAuts
     D:7: 690 daAuts
     D:8: 551 daAuts
     D:5: 465 daAuts
    D:10: 445 daAuts
  Temple: 21 daAuts
    D:14: 3 daAuts
